 Dungeon Sprint DCSS version 0.27.1-33-g824d729ab1 (webtiles) character file.

Game seed: 6552344168982221339

431 Hipnos the Prestidigitator (level 6, -2/46 HPs)
             Began as a Demonspawn Artificer on Nov 29, 2021.
             Was an Initiate of Nemelex Xobeh.
             Slain by a rust devil (4 damage)
             ... summoned by a kobold demonologist
             ... while paralysed by a floating eye
             ... in the Dungeon (Sprint I: "Red Sonja").
             The game lasted 00:03:36 (766 turns).

Hipnos the Prestidigitator (Demonspawn Artificer)    Turns: 766, Time: 00:03:37

Health: -2/46      AC: -16   Str: 13    XL:     6   Next: 66%
Magic:  6/6        EV:  2    Int: 12    God:    Nemelex Xobeh [......]
Gold:   367        SH:  0    Dex: 15    Spells: 5/5 levels left

rFire    . . .     SeeInvis .   a - +0 club
rCold    . . .     Faith    .   (no shield)
rNeg     . . .     Spirit   .   b - +0 leather armour
rPois    .         Reflect  .   (no helmet)
rElec    .         Harm     .   (no cloak)
rCorr    .         Rampage  .   (no gloves)
Will     .....     NoTele   +   (no boots)
Stlth    ++........             (no amulet)
HPRegen  0.15/turn              (no ring)
MPRegen  0.10/turn              (no ring)

@: paralysed, corroded
A: foul stench 1, sturdy frame 1, demonic magic 2
a: Renounce Religion, Draw Escape, Draw Destruction, Draw Summoning


You were in the Dungeon.
You worshipped Nemelex Xobeh.
Nemelex Xobeh was noncommittal.
You visited 1 branch You collected 367 gold pieces.

Inventory:

Hand Weapons
 a - a +0 club (weapon)
Armour
 b - a +0 leather armour (worn)
Wands
 d - a wand of charming (13)
Scrolls
 g - a scroll of enchant weapon {unknown}
 j - a scroll of enchant armour {unknown}
 k - a scroll of blinking
Potions
 f - a potion of curing
 h - a potion of haste
 i - 2 potions of magic
Miscellaneous
 e - a piece from Xom's chessboard (14/15)


   Skills:
 + Level 2.8 Fighting
 + Level 6.0 Armour
 + Level 3.0 Dodging
 + Level 0.8 Stealth
 - Level 12.2 Evocations


You had 5 spell levels left.
You didn't know any spells.
Your spell library was empty.

Dungeon Overview and Level Annotations

Branches:
Dungeon (1/1)

Altars:
Cheibriados
Dithmenos
Elyvilon
Fedhas
Gozag
Hepliaklqana
Kikubaaqudgha
Makhleb
Nemelex Xobeh
Okawaru
Qazlal
Ru
Sif Muna
Trog
Uskayaw
Vehumet
Wu Jian
Xom
Yredelemnul
Zin
The Shining One
Jiyva
Lugonu

Shops:
D [


Innate Abilities, Weirdness & Mutations

You may rarely emit foul miasma when damaged in melee.
Your movements are slightly less encumbered by armour. (ER -2)
Spells you cast may paralyse nearby enemies.


Message History

The floating eye gazes piercingly through you!
You suddenly lose the ability to move!
The rust devil hits you. The rust devil corrodes you!
You emit a cloud of foul miasma!
Your slime creature closely misses something.
The floating eye seems to glare at you.
The crimson imp sputters.
The crimson imp blinks!
You can move again.
Hit: a) +0 club
Press: ? - help, Dir - move target, f - floating eye, p - kobold demonologist
Aim: a floating eye (lightly wounded, fully charged, about 7% to evade your +0 club)
You hit the floating eye but do no damage.
The floating eye is lightly wounded.
Something hits your slime creature. x2; The rust devil hits you.
The rust devil corrodes you!
Your slime creature hits something!
The crimson imp spits at you.
The crimson imp blinks!
The smoke demon hits your slime creature. x3
The rust devil hits you! The rust devil corrodes you!
Your slime creature hits the smoke demon but does no damage.
The floating eye gazes piercingly through you!
You suddenly lose the ability to move!
The crimson imp blinks!
The smoke demon hits your slime creature!
The smoke demon hits your slime creature. x2
The red devil hits your slime creature with a +0 trident!
The kobold demonologist looks braver for a moment.
The rust devil hits you!
* * * LOW HITPOINT WARNING * * *
The rust devil corrodes you!
Your slime creature hits the smoke demon!!
The crimson imp hits you.
* * * LOW HITPOINT WARNING * * *
The smoke demon barely misses your slime creature.
The smoke demon hits your slime creature. x2
The red devil hits your slime creature with a +0 trident.
The crimson imp spits at you. The rust devil hits you.
You die...
Your body disappears without a glow.

##########################
#<.#..'..#..'5G#__#§4'3..#
#..'))#..').#@45K4'J3#...#
#..#####'#####K#__####.3.+
#..####..#...#.#### ####
#..#__####..##.#
#..#_____##'#_.+
#⌠⌠#_.∩...'..._#
####_..__##_.#'#
#_____###+#.# ####### ###


You could see 2 rust devils, 2 kobold demonologists, a smoke demon (summoned), a
red devil (summoned, ally target), a floating eye, 2 crimson imps and a friendly
slime creature (charmed, corroded).

Vanquished Creatures
  Sigmund (D)
  A yak (D)
  An ogre (D)
  A jelly (D)
  Ijyb (D)
5 creatures vanquished.

Notes
Turn   | Place    | Note
-------+----------+-------------------------------------------
     0 | D        | Hipnos the Demonspawn Artificer began the quest for the
                  | Orb.
     0 | D        | Reached XP level 1. HP: 15/15 MP: 1/1
     1 | D        | Noticed Ijyb
    14 | D        | Killed Ijyb
    15 | D        | Reached skill level 1 in Dodging
    15 | D        | Reached skill level 5 in Evocations
    15 | D        | Gained mutation: Spells you cast may paralyse adjacent
                  | enemies. [demonic ancestry]
    15 | D        | Reached XP level 2. HP: 12/21 MP: 2/2
   192 | D        | Noticed an ogre
   196 | D        | Killed an ogre
   197 | D        | Reached skill level 8 in Evocations
   197 | D        | Gained mutation: Spells you cast may paralyse nearby
                  | enemies. [demonic ancestry]
   197 | D        | Reached XP level 3. HP: 27/27 MP: 3/3
   197 | D        | Reached XP level 4. HP: 33/33 MP: 4/4
   309 | D        | Noticed Sigmund
   315 | D        | Killed Sigmund
   316 | D        | Reached skill level 5 in Armour
   316 | D        | Reached skill level 10 in Evocations
   316 | D        | Gained mutation: Your movements are slightly less
                  | encumbered by armour. (ER -2) [demonic ancestry]
   316 | D        | Reached XP level 5. HP: 24/39 MP: 5/5
   316 | D        | Gained mutation: You may rarely emit foul miasma when
                  | damaged in melee. [demonic ancestry]
   316 | D        | Reached XP level 6. HP: 29/46 MP: 6/6
   439 | D        | Found an ornate altar of the Wu Jian Council.
   439 | D        | Found a shimmering blue altar of Sif Muna.
   441 | D        | Found a radiant altar of Vehumet.
   445 | D        | Reached skill level 11 in Evocations
   478 | D        | Found Tatt's Armour Emporium.
   478 | D        | Found an ancient bone altar of Kikubaaqudgha.
   478 | D        | Found a hazy altar of Hepliaklqana.
   478 | D        | Found a stormy altar of Qazlal.
   478 | D        | Found a hide-covered altar of Uskayaw.
   478 | D        | Found a blossoming altar of Fedhas.
   478 | D        | Found a bloodstained altar of Trog.
   478 | D        | Found an iron altar of Okawaru.
   478 | D        | Found a basalt altar of Yredelemnul.
   478 | D        | Found a snail-covered altar of Cheibriados.
   478 | D        | Found a sacrificial altar of Ru.
   478 | D        | Found a shadowy altar of Dithmenos.
   478 | D        | Noticed a yak
   485 | D        | Killed a yak
   486 | D        | Reached skill level 12 in Evocations
   710 | D        | Found an opulent altar of Gozag.
   711 | D        | Found a sparkling altar of Nemelex Xobeh.
   716 | D        | Became a worshipper of Nemelex Xobeh the Trickster
   733 | D        | Found a burning altar of Makhleb.
   733 | D        | Found a viscous altar of Jiyva.
   733 | D        | Found a shimmering altar of Xom.
   733 | D        | Found a corrupted altar of Lugonu.
   733 | D        | Noticed a slime creature
   747 | D        | Noticed a kobold demonologist
   748 | D        | Noticed a floating eye
   748 | D        | Noticed a kobold demonologist
   749 | D        | Noticed a rust devil
   749 | D        | Noticed a rust devil
   751 | D        | Noticed a smoke demon
   754 | D        | Noticed a red devil
   756 | D        | Paralysed by a floating eye for 3 turns
   762 | D        | Paralysed by a floating eye for 2 turns
   765 | D        | Paralysed by a floating eye for 2 turns
   766 | D        | HP: 2/46 [crimson imp[a kobold demonologist] (3)]
   766 | D        | Slain by a rust devil

Illustrated notes

Levels and vault maps discovered:
D:        dungeon_sprint_1 [red_sonja_temple_1, red_sonja_temple_small_1]

Skill      XL: |  1  2  3  4  5  6 |
---------------+-------------------+-----
Armour         | 2 4 5 6 |  6.0
Dodging        | 1 2 3 |  3.0
Evocations     | 5 8 10 12 | 12.2
Fighting       | 2 |  2.8
Stealth        | |  0.8

Action                   |  1- 3 |  4- 6 || total
-------------------------+-------+-------++-------
Melee: Club              |    10 |     2 ||    12
Evoke: Wand              |     3 |    14 ||    17
       Piece from Xom's  |       |     2 ||     2
  Use: Potion            |     2 |       ||     2
Armor: Leather armour    |     1 |       ||     1
Dodge: Dodged            |     5 |     3 ||     8
